 Dungeon Crawl Stone Soup version 0.23.1 (webtiles) character file.

Game seed: 10960228106657854261

1070 poirepourri the Basher (level 8, -5/46 HPs)
             Began as a Gargoyle Fighter on Mar 1, 2019.
             Killed by divine providence
             ... invoked by an orc priest
              (14 damage)
             ... on level 6 of the Dungeon.
             The game lasted 00:04:39 (4853 turns).

poirepourri the Basher (Gargoyle Fighter)           Turns: 4853, Time: 00:04:40

Health: -5/46      AC: 13    Str: 28    XL:     8   Next: 28%
Magic:  8/8        EV: 12    Int:  9    God:
Gold:   73         SH: 13    Dex: 11    Spells: 7/7 levels left

rFire    + . .     SeeInvis .   a - +2 flail (holy)
rCold    + . .     Gourm    .   s - +3 shield
rNeg     + . .     Faith    .   b - +0 scale mail
rPois    ∞         Spirit   .   (no helmet)
rElec    +         Reflect  .   k - scarf {rC+ rF+}
rCorr    .         Harm     .   (no gloves)
MR       .....                  l - +0 pair of boots
Stlth    ..........             (no amulet)
HPRegen  0.15/turn              p - +5 ring of evasion
MPRegen  0.11/turn              e - +3 ring of strength

@: mighty
A: negative energy resistance 1, electricity resistance, unbreathing,
petrification resistance, rot immunity, AC +5
a: no special abilities


You were on level 6 of the Dungeon.
You were not hungry.

You visited 1 branch of the dungeon, and saw 6 of its levels.

You collected 215 gold pieces.
You spent 142 gold pieces at shops.

Inventory:

Hand Weapons
 a - a +2 flail of holy wrath (weapon)
Missiles
 f - 4 tomahawks of returning (quivered)
 i - 2 exploding tomahawks
Armour
 b - a +0 scale mail (worn)
 k - a scarf of resistance (worn)
 l - a +0 pair of boots (worn)
 s - a +3 shield (worn)
Jewellery
 e - a +3 ring of strength (right hand)
 p - a +5 ring of evasion (left hand)
Wands
 c - a wand of flame (22)
Scrolls
 g - 3 scrolls of identify
 h - 4 scrolls of remove curse
 o - a scroll of teleportation
 r - 2 scrolls of fog
Potions
 d - a potion of might
 n - 2 potions of mutation
Comestibles
 j - 2 rations


   Skills:
 - Level 3.2 Fighting
 + Level 9.7 Maces & Flails
 - Level 3.2 Armour
 - Level 3.2 Shields


You had 7 spell levels left.
You didn't know any spells.
Your spell library was empty.

Dungeon Overview and Level Annotations

Branches:
Dungeon (6/15)
 Temple: D:4-7

Altars:
Makhleb
Vehumet

Shops:
D:4 [

Annotations:
D:4 3 runed translucent doors, Kairos's ghost, amateur VSFi


Innate Abilities, Weirdness & Mutations

You are resistant to torment.
Your stone body is resilient. (AC +5)
You are immune to poison.
You resist negative energy. (rN+)
You are resistant to electric shocks. (rElec)
You can survive without breathing.
You are immune to petrification.
You are immune to rotting.


Message History

You kill the orc wizard!
You hear the slow rusting of a distant drain.
You completely miss the worker ant zombie.
The worker ant zombie barely misses you.
Evoke which item? (* to show all) (? for menu, Esc to quit)
Okay, then.
You feel better.
The worker ant zombie bites you but does no damage.
The orc priest invokes the aid of Beogh against you.
Beogh smites you!
* * * LOW HITPOINT WARNING * * *
You completely miss the worker ant zombie.
The worker ant zombie barely misses you.
You bludgeon the worker ant zombie!!
The worker ant zombie convulses!
You destroy the worker ant zombie!
You hit the orc priest.
The orc priest is severely wounded.
The orc priest mumbles some strange prayers to Beogh against you.
Beogh smites you!
You die...

#### #...#
###...############
..........†.......
##.....##########
##.....########
#..###......... ####..#
+.........
#Zo@..###.........
#o##..............
#########.##.#............
.|........##.#............
.
.#####o####.#.#..........
.. #..# #.#.#..########
... ##.###.#....#
....########..##.#.#.##
..........o.o.# ..#.#


You could see an orc warrior, an orc priest and a worker ant zombie.

Vanquished Creatures
  Sigmund (D:5)
  Menkaure (D:5)
  2 bullfrogs (D:6)
  A scorpion (D:5)
  A howler monkey (D:3)
  2 crimson imps
  A jelly (D:5)
  7 orc wizards
  2 orc priests
  A hound (D:4)
  A hound skeleton (D:3)
  A worker ant zombie (D:6)
  5 adders
  2 oozes
  2 worms
  2 leopard geckos
  34 orcs
  6 giant cockroaches
  5 goblins
  12 hobgoblins
  4 jackals (D:4)
  2 quokkas
  10 bats
  4 frilled lizards
  5 kobolds
  A quokka zombie (D:5)
  8 rats
123 creatures vanquished.

Vanquished Creatures (others)
  3 fungi (D:4)
  A plant (D:4)
4 creatures vanquished.

Grand Total: 127 creatures vanquished

Notes
Turn   | Place    | Note
-------+----------+-------------------------------------------
     0 | D:1      | poirepourri the Gargoyle Fighter began the quest for the
                  | Orb.
     0 | D:1      | Reached XP level 1. HP: 14/14 MP: 1/1
   199 | D:1      | Reached XP level 2. HP: 19/19 MP: 2/2
   308 | D:1      | Reached skill level 3 in Maces & Flails
   470 | D:1      | Reached XP level 3. HP: 23/23 MP: 3/3
  1760 | D:2      | Reached skill level 4 in Maces & Flails
  1936 | D:2      | Reached XP level 4. HP: 28/28 MP: 4/4
  1960 | D:2      | Reached skill level 5 in Maces & Flails
  1960 | D:2      | Reached XP level 5. HP: 13/32 MP: 5/5
  2556 | D:3      | Reached skill level 6 in Maces & Flails
  2571 | D:3      | Reached XP level 6. HP: 37/37 MP: 6/6
  3365 | D:4      | Reached skill level 7 in Maces & Flails
  3542 | D:4      | Reached XP level 7. HP: 15/41 MP: 7/7
  3739 | D:4      | Found a runed translucent gate.
  3740 | D:4      | Found a runed translucent gate.
  3740 | D:4      | Found a runed translucent gate.
  3740 | D:4      | Noticed Kairos's ghost (amateur VSFi)
  3922 | D:4      | Found a radiant altar of Vehumet.
  3923 | D:4      | Found a burning altar of Makhleb.
  3960 | D:4      | Found Onybaet's Antique Armour Shop.
  3968 | D:4      | Bought a runed shield for 142 gold pieces
  4161 | D:5      | Entered Level 5 of the Dungeon
  4161 | D:5      | Noticed Menkaure
  4167 | D:5      | Killed Menkaure
  4185 | D:5      | Reached skill level 8 in Maces & Flails
  4189 | D:5      | Noticed Sigmund
  4202 | D:5      | Killed Sigmund
  4479 | D:5      | Reached skill level 9 in Maces & Flails
  4479 | D:5      | Reached XP level 8. HP: 28/46 MP: 8/8
  4853 | D:6      | Killed from afar by an orc priest

Skill      XL: |  1  2  3  4  5  6  7 |
---------------+----------------------+-----
Maces & Flails | 3 4 5 6 7 9 |  9.7
Fighting       | |  3.2
Armour         | |  3.2
Shields        | |  3.2

Action                   |  1- 3 |  4- 6 |  7- 9 || total
-------------------------+-------+-------+-------++-------
Melee: Flail             |   132 |   253 |    87 ||   472
  Use: Scroll            |     5 |     5 |     3 ||    13
       Potion            |       |     1 |     7 ||     8
  Eat: Ration            |     2 |     1 |     1 ||     4
Armor: Scale mail        |    74 |   168 |    25 ||   267
Dodge: Dodged            |    54 |    86 |    24 ||   164
Block: Shield            |    85 |   135 |    45 ||   265
